 Dungeon Crawl Stone Soup version 0.19.4-9-g45fd643 (webtiles) character file.

105 LORDOFBUTT the Sneak (level 4, -5/21 HPs)
             Began as a Spriggan Enchanter on Feb 20, 2017.
             Killed from afar by an orc wizard (7 damage)
             ... with a magic dart
             ... on level 3 of the Dungeon.
             The game lasted 00:02:27 (2328 turns).

LORDOFBUTT the Sneak (Spriggan Enchanter)           Turns: 2328, Time: 00:02:28

Health: -5/21      AC:  3    Str:  5    XL:     4   Next: 54%
Magic:  11/11      EV: 18    Int: 16    God:
Gold:   145        SH:  0    Dex: 16    Spells: 3 memorised, 6 levels left

rFire  . . .     SeeInvis +     a - +1 dagger
rCold  . . .     Gourm    .     b - +1 robe
rNeg   . . .     Faith    .     (shield restricted)
rPois  .         Spirit   .     (helmet restricted)
rElec  .         Reflect  .     (no cloak)
rCorr  .         Harm     .     (gloves unavailable)
MR     .....                    (boots unavailable)
Stlth  +++.......               (no amulet)
                                (no ring)
                                (no ring)

@: very quick
A: unfitting armour, see invisible, herbivore 3, speed 3, slow metabolism 2
a: no special abilities


You were on level 3 of the Dungeon.
You were not hungry.

You visited 1 branch of the dungeon, and saw 3 of its levels.

You collected 145 gold pieces.

Inventory:

Hand Weapons
 a - a +1 dagger (weapon)
Missiles
 i - 17 poisoned needles
Armour
 b - a +1 robe (worn)
Jewellery
 s - an uncursed amulet of rage {unknown}
Scrolls
 f - a scroll of remove curse {unknown}
 g - a scroll of recharging {unknown}
 h - 2 scrolls of fear {unknown}
 j - a scroll of random uselessness {unknown}
 k - a scroll of identify {unknown}
 q - a scroll of amnesia {unknown}
Potions
 e - a potion of flight {unknown}
 l - a potion of heal wounds {unknown}
 m - 2 potions of agility {unknown}
 n - a potion of resistance {unknown}
 o - a potion of curing {unknown}
 p - 3 potions of lignification {unknown}
 r - a potion of might {unknown}
Books
 c - a book of Maledictions

   Spells                             Type                      Level
   a - Corona                         Hexes                        1
   b - Ensorcelled Hibernation        Hexes/Ice                    2
   c - Confuse                        Hexes                        3
   d - Tukima's Dance                 Hexes                        3
   e - Dazzling Spray                 Conjuration/Hexes            3
Comestibles
 d - 6 bread rations


   Skills:
 - Level 1.1 Short Blades
 - Level 3.0 Dodging
 + Level 5.3 Stealth
 * Level 4.6 Spellcasting
 * Level 4.6 Hexes


You had 6 spell levels left.
You knew the following spells:

 Your Spells              Type           Power        Failure   Level  Hunger
a - Corona                Hex            ###....      2%          1    None
b - Ensorcelled Hibernat  Hex/Ice        ##....       12%         2    ##.....
c - Confuse               Hex            ###.....     10%         3    ###....


Dungeon Overview and Level Annotations

Branches:
Dungeon (3/15)

Altars:


Innate Abilities, Weirdness & Mutations

You are very small and have problems with some larger weapons.
You are too small for most types of armour.
You have supernaturally acute eyesight. (SInv)
You are a herbivore.
You cover ground extremely quickly.
You need consume almost no food.


Message History

You start resting.
HP restored.
Found a stone staircase leading down.
h - 2 scrolls labeled VUINLE MA HILI (gained 1)
A goblin, a hobgoblin, 3 orcs and an orc wizard come into view.
The orc shouts!
There are monsters nearby!
The orc shouts!
The orc wizard shouts!
The orc shouts!
The orc wizard mumbles some strange words.
The orc wizard flickers and vanishes for a moment.
You hear a shout!
The orc hits you with a war axe! The orc hits you with a falchion.
* * * LOW HITPOINT WARNING * * *
The goblin shouts!
The goblin shoots a stone.
The stone hits you.
* * * LOW HITPOINT WARNING * * *
You see here a stone.
The orc wizard casts a spell at you. The magic dart hits you!
You die...

..####................#
#........ ##
#.........#..........#......
..............#.........######
......##.................
..#.#..#........#........
#...#...........#......
.......#.......#...... ...
)..##..............
#.........@....#.
###.>............#
#........#####.. .##........#
.......o######.#
........o..oo...#
........#o....###
........###...# #.....g.#
##...#


You could see an orc wizard (invisible) and an orc.

Vanquished Creatures
  Terence (D:2)
  3 adders
  An ooze (D:2)
  2 leopard geckos (D:1)
  2 ball pythons (D:1)
  3 giant cockroaches
  9 goblins
  5 hobgoblins
  4 jackals (D:1)
  5 kobolds
  6 bats
  2 frilled lizards (D:2)
  A rat (D:1)
44 creatures vanquished.

Notes
Turn   | Place    | Note
-------+----------+-------------------------------------------
     0 | D:1      | LORDOFBUTT the Spriggan Enchanter began the quest for the Orb.
     0 | D:1      | Reached XP level 1. HP: 9/9 MP: 5/5
   158 | D:1      | Reached XP level 2. HP: 10/13 MP: 7/7
   343 | D:1      | Reached skill level 5 in Stealth
   756 | D:1      | Reached XP level 3. HP: 9/16 MP: 9/9
  1307 | D:2      | Noticed Terence
  1314 | D:2      | Killed Terence
  1514 | D:2      | Learned a level 2 spell: Ensorcelled Hibernation
  1535 | D:2      | Reached XP level 4. HP: 21/21 MP: 8/11
  1646 | D:2      | Learned a level 3 spell: Confuse
  2328 | D:3      | Killed from afar by an orc wizard

Skill      XL: |  1  2  3 |
---------------+----------+-----
Spellcasting   | 3 4 |  4.6
Stealth        | 5 |  5.3
Hexes          | 4 |  4.6
Short Blades   | |  1.1
Dodging        | |  3.0

Action                   |  1- 3 |  4- 6 || total
-------------------------+-------+-------++-------
Melee: Dagger            |   112 |    64 ||   176
 Cast: Ensorcelled Hiber |     1 |     2 ||     3
 Stab: Sleeping          |    13 |     7 ||    20
Armor: Robe              |    10 |    13 ||    23
Dodge: Dodged            |    75 |    65 ||   140
